 Dungeon Crawl Stone Soup version 0.22.1-7-g5c428e7 (webtiles) character file.

595 Kork the Slinger (level 7, 0/36 HPs)
             Began as a Spriggan Hunter on Feb 12, 2019.
             Shot with an arrow by a centaur (2 damage)
             ... on level 5 of the Dungeon.
             The game lasted 00:09:14 (5590 turns).

Kork the Slinger (Spriggan Hunter)                  Turns: 5590, Time: 00:09:15

Health: 0/36       AC:  5    Str: 10    XL:     7   Next: 17%
Magic:  8/8        EV: 20    Int: 13    God:
Gold:   183        SH:  0    Dex: 16    Spells: 6/6 levels left

rFire    . . .     SeeInvis +   a - +1 hunting sling
rCold    + . .     Gourm    .   (shield restricted)
rNeg     . . .     Faith    .   c - +0 robe
rPois    .         Spirit   .   h - +2 hat
rElec    .         Reflect  .   w - +0 cloak
rCorr    .         Harm     .   (gloves unavailable)
MR       +....                  (boots unavailable)
Stlth    +++.......             (no amulet)
HPRegen  0.12/turn              k - ring of protection from cold
MPRegen  0.11/turn              (no ring)

@: very quick
A: very small, unfitting armour, see invisible, herbivore, speed 3, slow
metabolism 2
a: no special abilities


You were on level 5 of the Dungeon.
You were not hungry.

You visited 1 branch of the dungeon, and saw 8 of its levels.

You collected 183 gold pieces.

Inventory:

Hand Weapons
 a - a +1 hunting sling (weapon)
 b - a +2 short sword of venom
 e - a +0 club
 u - a +0 rapier
 x - a +0 short sword
Missiles
 d - 104 sling bullets
 l - 110 stones (quivered)
 E - a throwing net
Armour
 c - a +0 robe (worn)
 h - a +2 hat (worn)
 p - a +0 shield
 w - a +0 cloak (worn)
Jewellery
 k - a ring of protection from cold (left hand)
Wands
 F - a wand of paralysis (13)
Scrolls
 m - 2 scrolls of enchant armour {unknown}
 q - 3 scrolls of enchant weapon {unknown}
 r - a scroll of fog {unknown}
 s - 2 scrolls of amnesia {unknown}
 t - 3 scrolls of teleportation {unknown}
 y - a scroll of blinking {unknown}
 z - a scroll of immolation {unknown}
 A - a scroll of random uselessness {unknown}
 B - 3 scrolls of identify {unknown}
 C - a scroll of remove curse {unknown}
 D - 2 scrolls of magic mapping {unknown}
Potions
 g - 2 potions of curing {unknown}
 i - a potion of ambrosia {unknown}
 j - a potion of magic {unknown}
 n - a potion of agility {unknown}
 o - a potion of mutation {unknown}
 v - a potion of cancellation {unknown}
Comestibles
 f - 7 rations


   Skills:
 + Level 3.0 Fighting
 + Level 2.5 Short Blades
 + Level 8.2 Slings
 + Level 4.6 Dodging
 + Level 4.0 Stealth


You had 6 spell levels left.
You didn't know any spells.
Your spell library was empty.

Dungeon Overview and Level Annotations

Branches:
Dungeon (8/15)
 Temple: D:4-7         Lair: D:8-11

Altars:
Ashenzari
Cheibriados
Fedhas
Nemelex Xobeh
Okawaru
Trog

Annotations:
D:2 Sigmund


Innate Abilities, Weirdness & Mutations

You are very small and have problems with some larger weapons.
You are too small for most types of armour.
You have supernaturally acute eyesight. (SInv)
You are a herbivore.
You cover ground extremely quickly.
You need to consume almost no food.


Message History

Aim: a centaur, wielding a shortbow (moderately wounded)
You shoot a stone. The stone hits the centaur.
The centaur is moderately wounded.
The centaur shoots an arrow.
The arrow hits you.
* * * LOW HITPOINT WARNING * * *
Firing (i - inventory. (/) - cycle)
l - 112 stones (quivered)
Press: ? - help, Shift-Dir - straight line, f/p - centaur
Aim: a centaur, wielding a shortbow (moderately wounded)
You shoot a stone. The stone hits the centaur.
The centaur is moderately wounded.
The centaur shoots an arrow.
The arrow hits you!
* * * LOW HITPOINT WARNING * * *
Firing (i - inventory. (/) - cycle)
l - 111 stones (quivered)
Press: ? - help, Shift-Dir - straight line, f/p - centaur
Aim: a centaur, wielding a shortbow (moderately wounded)
You shoot a stone. The stone hits the centaur.
The centaur is heavily wounded.
A scorpion comes into view.
The centaur shoots an arrow.
The arrow hits you.
You die...

....#.≈#+#≈#
##..≈≈.≈≈##
#.........# ##
#####...####.## ..
.......<###...########
###.###.##......Z.....
#. #.......########
#.###.####.##
.###..@(.# #.#
..c......## #.#
s.#####..### #.#
#....# #.#
##(#.###.######
#.#(..........#
######.#.(##.....#.#
...........######.#
#######....# #


You could see a centaur and a scorpion.

Vanquished Creatures
  An ogre (D:4)
  Crazy Yiuf (D:2)
  A hound (D:5)
  A quasit (D:5)
  An orc priest (D:4)
  An iguana (D:4)
  Terence (D:3)
  6 orc wizards
  A worker ant (D:5)
  Robin (D:2)
  4 adders
  3 worms
  2 dart slugs
  3 leopard geckos
  11 orcs
  2 ball pythons (D:1)
  13 bats
  4 giant cockroaches
  14 goblins
  5 hobgoblins
  8 jackals
  A quokka (D:4)
  8 kobolds
  3 rats
96 creatures vanquished.

Notes
Turn   | Place    | Note
-------+----------+-------------------------------------------
     0 | D:1      | Kork the Spriggan Hunter began the quest for the Orb.
     0 | D:1      | Reached XP level 1. HP: 10/10 MP: 2/2
    73 | D:1      | Reached skill level 5 in Slings
   267 | D:1      | Reached XP level 2. HP: 6/15 MP: 3/3
  1213 | D:2      | Reached XP level 3. HP: 18/18 MP: 4/4
  1373 | D:2      | Reached skill level 6 in Slings
  1532 | D:2      | Noticed Robin
  1539 | D:2      | Killed Robin
  1627 | D:2      | Reached XP level 4. HP: 14/23 MP: 5/5
  1860 | D:2      | Noticed Sigmund
  2242 | D:2      | Found a runed door.
  2635 | D:2      | Noticed Crazy Yiuf
  2707 | D:2      | Killed Crazy Yiuf
  2952 | D:3      | Reached skill level 7 in Slings
  3132 | D:3      | Found a sparkling altar of Nemelex Xobeh.
  3212 | D:3      | Reached XP level 5. HP: 26/26 MP: 6/6
  3495 | D:3      | Reached skill level 1 in Short Blades
  3608 | D:3      | Noticed Terence
  3622 | D:3      | Killed Terence
  3622 | D:3      | Reached XP level 6. HP: 18/32 MP: 7/7
  4202 | D:4      | Found a blossoming altar of Fedhas.
  4249 | D:4      | Reached skill level 8 in Slings
  4662 | D:4      | Found a snail-covered altar of Cheibriados.
  4669 | D:4      | Found a bloodstained altar of Trog.
  4670 | D:4      | Found a shattered altar of Ashenzari.
  4672 | D:4      | Found an iron altar of Okawaru.
  4871 | D:5      | Entered Level 5 of the Dungeon
  4887 | D:5      | Reached XP level 7. HP: 28/35 MP: 8/8
  4978 | D:5      | You fall through a shaft for 3 floors!
  5052 | D:8      | Noticed a hungry ghost
  5590 | D:5      | Shot with an arrow by a centaur

Skill      XL: |  1  2  3  4  5  6  7 |
---------------+----------------------+-----
Slings         | 5 6 7 8 |  8.2
Fighting       | 2 3 |  3.0
Stealth        | 2 3 4 |  4.0
Short Blades   | 1 2 |  2.5
Dodging        | 4 |  4.6

Action                   |  1- 3 |  4- 6 |  7- 9 || total
-------------------------+-------+-------+-------++-------
Melee: Short sword       |    26 |    99 |       ||   125
 Fire: Hunting sling     |   131 |   123 |    44 ||   298
 Stab: Sleeping          |     1 |     5 |       ||     6
  Eat: Ration            |       |       |     1 ||     1
Armor: Robe              |     7 |    22 |     2 ||    31
Dodge: Dodged            |    64 |   103 |    29 ||   196
